Map: Acid Plant LE

Players

Apoptosis

  • Race: Zerg Zerg
  • League: Diamond
  • Spawn Location: 11:00

dasmins - Winner!

  • Race: Zerg Zerg
  • League: Diamond
  • Spawn Location: 5:00

VOD

Have the link to the VOD?

Description

Time

  • Played on: Sept. 7, 2018, 4:10 a.m.
  • Length: 8:49
Show
View Real Time Build Order
Export as new Build Order

Apoptosis Zerg 

Build Orders: Pool First 

Get SALT Encoding   

  12  0:01  Drone  
  13  0:13  Overlord  
  13  0:17  Drone  
  14  0:35  Spawning Pool  
  13  0:38  Drone  
  13  0:41  Drone  
  15  0:45  Drone  
  16  0:50  Drone  
  17  1:12  Hatchery  
  17  1:16  Drone  
  17  1:22  Zergling x4  
  19  1:30  Extractor  
  19  1:32  Drone  
  19  1:43  Drone  
  20  1:53  Drone  
  21  2:04  Overlord  
  21  2:21  Queen  
  23  2:23  Drone  
  23  2:24  Queen  
  23  2:25  Drone  
  27  2:32  Metabolic Boost  
  27  2:34  Drone  
  27  2:35  Drone  
  27  2:36  Drone  
  30  2:49  Drone  
  31  2:55  Overlord, Hatchery  
  30  3:06  Baneling Nest  
  30  3:12  Drone x4  
  32  3:32  Zergling x6  
  32  3:33  Zergling x4  
  36  3:45  Zergling x8  
  40  4:00  Zergling x6  
  40  4:01  Overlord  
  43  4:08  Baneling x5  
  43  4:13  Zergling x2  
  43  4:14  Zergling x4  
  46  4:21  Zergling x2  
  46  4:22  Zergling x14  
  54  4:34  Zergling x8  
  49  4:48  Drone x6  
  54  4:54  Drone x2  
  54  4:57  Roach Warren  
  55  5:05  Drone x3  
  58  5:08  Extractor x2  
  58  5:09  Lair  
  56  5:21  Drone x2  
  58  5:22  Overlord x3  
  58  5:42  Drone x6  
  64  5:45  Overlord x3  
  64  5:58  Roach x4  
  64  6:00  Roach  
  72  6:08  Roach x3  
  72  6:15  Roach x3  
  80  6:18  Roach  
  80  6:20  Roach  
  82  6:29  Roach x4  
  90  6:38  Roach x3  
  90  6:39  Roach  
  96  6:52  Roach x5  
  106  6:56  Overlord x2  
  106  6:59  Glial Reconstitution  
  106  7:15  Roach  
  108  7:19  Evolution Chamber x2  
  108  7:22  Roach x5  
  116  7:26  Overlord x2  
  113  7:40  Roach x2  
  112  7:51  Roach x5  
  121  8:01  Extractor  
  121  8:02  Drone x3  
  121  8:03  Roach  
  121  8:04  Roach  
  127  8:06  Roach  
  129  8:13  Zergling x2  
  129  8:15  Hydralisk Den  
Show
View Real Time Build Order
Export as new Build Order

dasmins Zerg - Winner!

Build Orders: Hatch First 

Get SALT Encoding   

  12  0:01  Drone  
  13  0:12  Overlord  
  13  0:17  Drone  
  14  0:31  Drone x2  
  14  0:34  Drone  
  17  0:52  Hatchery  
  17  0:55  Drone  
  17  0:59  Drone  
  18  1:13  Extractor  
  18  1:15  Spawning Pool  
  16  1:18  Drone  
  16  1:21  Drone  
  18  1:28  Drone  
  19  1:38  Overlord  
  19  2:02  Zergling x2, Queen  
  19  2:04  Queen, Drone  
  19  2:05  Drone  
  26  2:10  Drone  
  26  2:15  Drone  
  28  2:21  Drone  
  29  2:26  Overlord  
  29  2:32  Drone  
  29  2:36  Drone  
  31  2:42  Queen  
  31  2:43  Overlord  
  33  2:51  Drone  
  33  2:57  Evolution Chamber  
  33  3:00  Evolution Chamber  
  32  3:06  Drone, Roach Warren  
  32  3:07  Drone x2  
  34  3:13  Drone  
  34  3:14  Drone x4  
  34  3:18  Drone x2  
  39  3:40  Zerg Missile Weapons Level 1  
  39  3:41  Lair  
  39  3:47  Zerg Ground Armor Level 1  
  39  3:48  Drone x4  
  41  3:49  Drone x3  
  41  3:51  Extractor  
  41  3:54  Extractor  
  44  4:05  Roach x2  
  44  4:07  Queen  
  50  4:10  Spine Crawler  
  49  4:23  Roach  
  51  4:24  Drone  
  51  4:26  Overlord x3  
  51  4:37  Roach  
  51  4:42  Roach  
  51  4:44  Roach x3  
  56  4:51  Queen x2  
  60  5:08  Drone x2  
  60  5:09  Drone  
  60  5:10  Overlord  
  63  5:14  Extractor  
  63  5:15  Glial Reconstitution  
  63  5:17  Roach x3  
  63  5:18  Roach  
  70  5:22  Roach  
  72  5:29  Roach  
  72  5:30  Roach  
  72  5:33  Roach  
  72  5:34  Roach  
  80  5:36  Roach  
  80  5:39  Drone  
  83  5:47  Drone  
  84  6:01  Overlord  
  84  6:02  Overlord  
  84  6:14  Hatchery  
  83  6:20  Roach x3  
  83  6:21  Roach x5  
  99  6:37  Overlord  
  99  6:38  Overlord x3  
  99  6:51  Overlord  
  99  6:52  Overlord x2  
  99  7:03  Roach x3  
  99  7:06  Roach x4  
  113  7:13  Roach  
  115  7:19  Roach  
  117  7:24  Hydralisk Den  
  116  7:41  Roach x3  
  116  7:42  Roach x6  
  132  7:48  Drone  
  132  7:49  Drone  
  134  7:55  Drone x4  
  138  8:03  Lurker Den  
  138  8:04  Drone x3  
  138  8:05  Drone x2  
Tags
 
Add a new tag
Caveats
  • Supply blocks, unpowered buildings, or Contaminate may cause inaccurate times.
  • Supply counts are checked every 10 seconds.